 Dungeon Crawl Stone Soup version 0.30-a0-43-gbbf338a72c (webtiles) character file.

Game seed: 9686479873045431903

28 anonymouscript the Magician (level 3, -4/21 HPs)
             Began as an Octopode Hedge Wizard on Aug 20, 2022.
             Slain by a quokka (5 damage)
             ... on level 2 of the Dungeon on Aug 31, 2022.
             The game lasted 00:05:32 (1066 turns).

anonymouscript the Magician (Octopode Hedge Wizard) Turns: 1066, Time: 00:05:33

Health: -4/21      AC:  1    Str:  9    XL:     3   Next: 14%
Magic:  8/8        EV: 13    Int: 16    God:
Gold:   88         SH:  0    Dex: 13    Spells: 7/9 levels left

rFire   . . .      SeeInvis .    a - +0 dagger
rCold   . . .      Faith    .    (no shield)
rNeg    . . .      Spirit   .    b - +0 hat
rPois   .          Reflect  .    (no amulet)
rElec   .          Harm     .    (no ring)
rCorr   .          Rampage  .    (no ring)
Will    .....                    (no ring)
Stlth   +++.......               (no ring)
HPRegen 0.07/turn                (no ring)
MPRegen 0.11/turn                (no ring)
                                 (no ring)
                                 (no ring)

@: no status effects
A: almost no armour, amphibious, 8 rings, camouflage 1, gelatinous body 1,
(nimble swimmer 1), tentacles
a: no special abilities


You were on level 2 of the Dungeon.
You visited 1 branch of the dungeon, and saw 2 of its levels.

You collected 88 gold pieces.

Inventory:

Hand Weapons
 a - a +0 dagger (weapon)
Missiles
 j - 4 datura-tipped darts (quivered)
Armour
 b - a +0 hat (worn)
Magical Staves
 k - a staff of death
Scrolls
 d - 3 scrolls of poison {unknown}
 e - a scroll of silence {unknown}
 f - a scroll of magic mapping {unknown}
 g - a scroll of noise {unknown}
 i - 2 scrolls of identify {unknown}
Potions
 c - a potion of magic
 h - a potion of curing {unknown}


   Skills:
 + Level 0.2 Short Blades
 + Level 2.1 Dodging
 + Level 3.0 Stealth
 + Level 3.7 Spellcasting
 + Level 1.2 Conjurations
 + Level 1.0 Summonings
 + Level 1.0 Translocations


You had 7 spell levels left.
You knew the following spells:

 Your Spells              Type           Power      Damage    Failure   Level
a - Magic Dart            Conj           28%        1d4       11%         1
b - Slow                  Hex            8%         N/A       17%         1

Your spell library contained the following spells:

 Spells                   Type           Power      Damage    Failure   Level
 Blink                    Tloc           12%        N/A       17%         2
 Call Imp                 Summ           6%         N/A       17%         2
 Static Discharge         Conj/Air       10%        3-4/arc   21%         2
 Conjure Flame            Conj/Fire      5%         6-21      38%         3
 Mephitic Cloud           Conj/Pois/Air  4%         N/A       41%         3
 Lightning Bolt           Conj/Air       2%         1d14      98%         5
 Maxwell's Capacitive Co  Air            1%         ∞         100%        8


Dungeon Overview and Level Annotations

Branches:
Dungeon (2/15)

Altars:

Shops:
D:2 =


Innate Abilities, Weirdness & Mutations

You cannot wear most types of armour.
You are amphibious.
You can wear up to eight rings at the same time.
Your skin changes colour to match your surroundings (Stealth+).
Your rubbery body absorbs attacks. (AC +1, EV +1)
((You are camouflaged when in or above water. (Stealth+)))
You have tentacles for arms and can constrict up to eight enemies at once.


Message History

You hit the kobold. You grab the kobold. Your squeeze misses the kobold.
The kobold is heavily wounded.
You constrict the kobold, but do no damage.
You hit the kobold.
You kill the kobold!
Your Stealth skill increases to level 3!
i - 2 scrolls labelled QOENKATALE (gained 1)
Things that are here:
a +0 dagger; 3 stones You see here 5 datura-tipped darts.
You see here 5 datura-tipped darts.
j - 5 datura-tipped darts You now have 88 gold pieces (gained 4).
A quokka comes into view.
Found a thick smoking staff.
You see here a staff of death.
k - a staff of death
Okay, then.
Welcome back, anonymouscript the Octopode Hedge Wizard.
Press ? for a list of commands and other information.
Unknown command.
Cast which spell? (? or * to list)
You don't know that spell.
Okay, then.
Throw: 5 darts (datura)
Press: ? - help, Q - select action, (/) - cycle Shift-Dir - straight line, f - quokka
Aim: a quokka (asleep, 98% to hit, chance to frenzy on hit: 100%)
You throw a datura-tipped dart. The datura-tipped dart hits the quokka.
The quokka flies into a frenzy!
The quokka bites you. The quokka closely misses you.
The quokka closely misses you. The quokka attacks as you move away!
The quokka bites you. The quokka closely misses you.
The quokka attacks as you move away! The quokka closely misses you.
The quokka barely misses you. The quokka bites you.
The quokka attacks as you move away! The quokka bites you!
* * * LOW HITPOINT WARNING * * *
The quokka bites you.
You die...

#.......# #..###..#
#....##.###.#...#
#..............####
######..#...............
........####.###.#######
.#####(.# #.# #.#
.#####..####.# #.#
.......r.....# #.#
######.@.....#
##^....... #####.### .#
#


You could see a neutral quokka (fast, strong, insane).

Vanquished Creatures
  An adder (D:2)
  A dart slug (D:2)
  A bat (D:1)
  4 endoplasms (D:1)
  4 kobolds
  A quokka (D:1)
  2 frilled lizards (D:1)
  3 rats (D:1)
17 creatures vanquished.

Notes
Turn   | Place    | Note
-------+----------+-------------------------------------------
     0 | D:1      | anonymouscript the Octopode Hedge Wizard began the quest
                  | for the Orb.
     0 | D:1      | Reached XP level 1. HP: 11/11 MP: 4/4
   163 | D:1      | Reached XP level 2. HP: 9/17 MP: 0/6
   646 | D:2      | Found Misyobud's Jewellery Shop.
   748 | D:2      | Learned a level 1 spell: Slow
   763 | D:2      | Reached XP level 3. HP: 18/21 MP: 0/8
  1060 | D:2      | Upgraded the game from 0.30-a0-4-ga7cffc901d to
                  | 0.30-a0-43-gbbf338a72c
  1066 | D:2      | HP: 1/21 [quokka (7)]
  1066 | D:2      | Slain by a quokka

Illustrated notes

Levels and vault maps discovered:
D:1:      eino_arrival_water_cross, layout_rooms, minmay_misc_feat_secret_circle
D:2:      layout_loops_ring, serial_shops, nicolae_shop_hallway_stairs

Skill      XL: |  1  2  3 |
---------------+----------+-----
Stealth        | 3 |  3.0
Short Blades   | |  0.2
Dodging        | |  2.1
Spellcasting   | |  3.7
Conjurations   | |  1.2
Summonings     | |  1.0
Translocations | |  1.0

Action                   || total
-------------------------++-------
Melee: Dagger            ||     8
       Constrict         ||     4
Throw: Dart              ||     1
 Cast: Magic Dart        ||    43
Armor: Skin              ||     2
Dodge: Dodged            ||    12

Table legend: (Time is in decaauts)
 A = Elapsed time spent in this place.
 B = Non-inter-level travel time spent in this place.
 C = Inter-level travel time spent in this place.
 D = Time resting spent in this place.
 E = Time spent auto-exploring this place.
 F = Levels seen in this place.
 G = Mean time per level.
                   A        B        C        D        E       F      G
               +--------+--------+--------+--------+--------+-----+--------+
         Total |   1065 |   1039 |     26 |     36 |    743 |   2 |  532.5 |
       Dungeon |   1065 |   1039 |     26 |     36 |    743 |   2 |  532.5 |
               +--------+--------+--------+--------+--------+-----+--------+

Top non-repeatable levels by time:
     D:1: 646 daAuts
     D:2: 419 daAuts
